 Dungeon Crawl Stone Soup version 0.28.0-43-g3370ac3207 (webtiles) character file.

Game seed: 16997895637073049633

233 nickcage the Cudgeller (level 6, -3/47 HPs)
             Began as a Formicid Fighter on Mar 29, 2022.
             Slain by a kobold
             ... wielding a +0 club
              (4 damage)
             ... on level 3 of the Dungeon.
             The game lasted 00:06:50 (2012 turns).

nickcage the Cudgeller (Formicid Fighter)           Turns: 2012, Time: 00:06:51

Health: -3/47      AC:  6    Str: 22    XL:     6   Next: 25%
Magic:  6/6        EV:  9    Int:  8    God:
Gold:   75         SH:  4    Dex: 10    Spells: 5/5 levels left

rFire   . . .      SeeInvis +   a - +0 flail
rCold   . . .      Faith    .   c - +0 buckler
rNeg    . . .      Spirit   .   b - +0 scale mail
rPois   .          Reflect  .   (helmet unavailable)
rElec   .          Harm     .   (no cloak)
rCorr   .          Rampage  .   (no gloves)
Will    .....                   (no boots)
Stlth   ..........              (no amulet)
HPRegen 0.15/turn               (no ring)
MPRegen 0.10/turn               (no ring)

@: no status effects
A: permanent stasis, dig shafts and tunnels, antennae 3, four strong arms
a: Dig, Shaft Self


You were on level 3 of the Dungeon.
You visited 1 branch of the dungeon, and saw 4 of its levels.

You collected 75 gold pieces.

Inventory:

Hand Weapons
 a - a +0 flail (weapon)
Missiles
 i - 5 poisoned darts (quivered)
Armour
 b - a +0 scale mail (worn)
 c - a +0 buckler (worn)
Scrolls
 e - 4 scrolls of identify {unknown}
 f - 3 scrolls of vulnerability {unknown}
 g - a scroll of blinking {unknown}
 k - a scroll of teleportation {unknown}
Potions
 d - 2 potions of might
 h - 2 potions of magic {unknown}
 j - a potion of brilliance {unknown}
 l - a potion of mutation {unknown}


   Skills:
 - Level 3.3 Fighting
 + Level 6.0 Maces & Flails
 - Level 3.3 Armour
 - Level 3.6 Shields


You had 5 spell levels left.
You didn't know any spells.
Your spell library was empty.

Dungeon Overview and Level Annotations

Branches:
Dungeon (4/15)
 Temple: D:4-7

Altars:

Shops:
D:2 !

Annotations:
D:3 Ijyb, Terence
D:4 1 runed translucent door


Innate Abilities, Weirdness & Mutations

You cannot be hasted, slowed, berserked, paralysed or teleported.
You can dig through walls and to a lower floor.
You have a pair of large antennae on your head. (SInv)
Your four strong arms can wield two-handed weapons with a shield.


Message History

You hit Terence but do no damage. Terence hits you but does no damage.
Ijyb drinks a potion.
Ijyb suddenly seems more resistant.
The kobold throws a stone.
The stone closely misses you.
The stone hits Terence but does no damage.
You hit Terence but do no damage. Terence hits you with a +0 short sword.
Ijyb screams, "Me very upset!"
A rat comes into view.
You closely miss Terence. Terence hits you with a +0 short sword.
You hit Terence.
Terence is lightly wounded.
Terence hits you with a +0 short sword. x2
You barely miss Terence.
Terence is lightly wounded.
The kobold barely misses you. Terence barely misses you.
The kobold barely misses you.
Ijyb zaps a wand.
The puff of flame hits you.
You hit Terence.
Terence is lightly wounded.
You block Terence's attack. The kobold barely misses you.
You hit Terence.
Terence is moderately wounded.
Terence hits you with a +0 short sword. The kobold hits you with a +0 club.
Ijyb zaps a wand.
The puff of flame hits you!
* * * LOW HITPOINT WARNING * * *
You hit Terence.
Terence is heavily wounded.
Terence barely misses you. The kobold barely misses you.
You block the rat's attack.
You hit Terence.
Terence is severely wounded.
Terence says, "Don't bother to defend, it's senseless."
Terence hits you with a +0 short sword.
* * * LOW HITPOINT WARNING * * *
The kobold hits you but does no damage. The rat bites you but does no damage.
You closely miss Terence.
Terence is severely wounded.
Terence screams, "I want your blood!" Terence hits you with a +0 short sword.
* * * LOW HITPOINT WARNING * * *
The kobold hits you with a +0 club.
You die...

####### .!.....
########.......
...............
#.....@@)......
#.#####rK......
#g.......
#........
#..###.## ....
.. ##.# # ..


You could see Ijyb (resistant), Terence, a kobold and a rat.

Vanquished Creatures
  2 hounds (D:4)
  2 jellies (D:4)
  A hound skeleton (D:4)
  4 gnolls
  An adder (D:2)
  2 dart slugs
  An orc (D:3)
  3 endoplasms
  3 giant cockroaches
  3 goblins
  9 hobgoblins (D:1)
  4 kobolds (D:1)
  3 quokkas
  6 ball pythons
  2 bats (D:2)
  4 frilled lizards (D:1)
  4 rats
54 creatures vanquished.

Notes
Turn   | Place    | Note
-------+----------+-------------------------------------------
     0 | D:1      | nickcage the Formicid Fighter began the quest for the Orb.
     0 | D:1      | Reached XP level 1. HP: 18/18 MP: 1/1
    78 | D:1      | Reached XP level 2. HP: 24/24 MP: 2/2
   352 | D:1      | Reached skill level 3 in Maces & Flails
   352 | D:1      | Found a faded altar of an unknown god.
   377 | D:1      | Reached XP level 3. HP: 20/29 MP: 3/3
  1201 | D:2      | Reached XP level 4. HP: 35/35 MP: 4/4
  1227 | D:2      | Reached skill level 4 in Maces & Flails
  1260 | D:2      | Found Mat Sux's Distillery.
  1564 | D:2      | You fall into a shaft and drop 2 floors!
  1635 | D:4      | Reached skill level 5 in Maces & Flails
  1635 | D:4      | Reached XP level 5. HP: 34/41 MP: 5/5
  1818 | D:4      | Found a runed translucent door.
  1830 | D:4      | Reached XP level 6. HP: 36/47 MP: 6/6
  1836 | D:4      | Reached skill level 6 in Maces & Flails
  2000 | D:3      | Noticed Terence
  2001 | D:3      | Noticed Ijyb
  2012 | D:3      | HP: 1/47 [Terence/+0 short sword (3)]
  2012 | D:3      | Slain by a kobold

Illustrated notes

Levels and vault maps discovered:
D:1:      dpeg_arrival_leaves_temple_mockup, layout_basic,
          basic_ecumenical_altar
D:2:      layout_basic, serial_shops, shop, grunt_decor_cap, feat_on_display
D:3:      layout_loops_ring, uniq_terence, uniq_ijyb
D:4:      layout_cave_pools, serial_column_ruins, column_ruins_columns_straight,
          column_ruins_grid_1, column_ruins_open_small, column_ruins_columns_T,
          column_ruins_open_tiny, column_ruins_grid_1,
          ebering_ghost_reflecting_pool

Skill      XL: |  1  2  3  4  5  6 |
---------------+-------------------+-----
Maces & Flails | 3 5 6 |  6.0
Fighting       | |  3.3
Armour         | |  3.3
Shields        | |  3.6

Action                   |  1- 3 |  4- 6 || total
-------------------------+-------+-------++-------
Melee: Flail             |    92 |    77 ||   169
Armor: Scale mail        |    38 |    21 ||    59
Dodge: Dodged            |    41 |    42 ||    83
Block: Buckler           |    23 |    14 ||    37
